 Dungeon Crawl Stone Soup version 0.20.0-10-g0535bb4 (webtiles) character file.

21 4thArraOfDagon the Insei (level 2, -2/22 HPs)
             Began as a Barachi Transmuter on June 4, 2017.
             Was an Initiate of Okawaru.
             Slain by a bullfrog (5 damage)
             ... on level 6 of the Dungeon.
             The game lasted 00:07:36 (976 turns).

4thArraOfDagon the Insei (Barachi Transmuter)        Turns: 976, Time: 00:07:37

Health: -2/22      AC:  3    Str: 11    XL:     2   Next: 83%
Magic:  1/5        EV: 18    Int: 13    God:    Okawaru [......]
Gold:   66         SH:  0    Dex: 17    Spells: 2/5 levels left

rFire    . . .     SeeInvis .     - Unarmed
rCold    . . .     Gourm    .   (no shield)
rNeg     . . .     Faith    .   b - +1 robe
rPois    .         Spirit   .   (no helmet)
rElec    .         Reflect  .   (no cloak)
rCorr    .         Harm     .   (no gloves)
MR       .....                  (no boots)
Stlth    +++.......             (no amulet)
Regen    0.1/turn               (no ring)
MPRegen  0.1/turn               (no ring)

@: agile, hasted, quick
A: +LOS, swims, slowness 1, strong legs 1
a: Hop, Renounce Religion


You were on level 6 of the Dungeon.
You worshipped Okawaru.
Okawaru was noncommittal.
You were not hungry.

You visited 2 branches of the dungeon, and saw 8 of its levels.

You collected 66 gold pieces.

Inventory:

Missiles
 a - 50 arrows
Armour
 b - a +1 robe (worn)
Wands
 h - a wand of digging (9/24)
 j - a wand of random effects (38/48)
Books
 c - a book of Changes

   Spells                             Type                      Level
   a - Beastly Appendage              Transmutation                1
   b - Sticks to Snakes               Transmutation                2
   c - Spider Form                    Transmutation/Poison         3
   d - Ice Form                       Ice/Transmutation            4
   e - Blade Hands                    Transmutation                5
Comestibles
 d - 4 bread rations
 l - a meat ration


   Skills:
 + Level 1.9 Fighting
 - Level 2.1 Dodging
 * Level 3.5 Unarmed Combat
 - Level 2.1 Spellcasting
 * Level 3.0 Transmutations
 + Level 0.0 Invocations


You had 2 spell levels left.
You knew the following spells:

 Your Spells              Type           Power        Failure   Level  Hunger
a - Beastly Appendage     Tmut           #.....       7%          1    ##.....
b - Sticks to Snakes      Tmut           #.......     11%         2    ###....


Dungeon Overview and Level Annotations

Branches:
Dungeon (7/15)             Temple (1/1) D:4

Altars:
Elyvilon
Hepliaklqana
Nemelex Xobeh
Okawaru
Sif Muna
Uskayaw
Vehumet
Xom
Yredelemnul
Zin


Innate Abilities, Weirdness & Mutations

Shadows flee at your approach. (+LOS)
You can swim through water.
You cover ground slowly.
You can hop short distances.


Message History

The quokka closely misses you.
Unknown command.
Unknown command.
You punch the bullfrog!
The bullfrog is severely wounded.
The bullfrog hits you.
Your ball python bites the quokka but does no damage.
Your ball python constricts the quokka.
The crimson imp hits you.
* * * LOW HITPOINT WARNING * * *
Your ball python bites the bullfrog.
Your ball python constricts the bullfrog.
The quokka bites you.
* * * LOW HITPOINT WARNING * * *
Unknown command.
Unknown command.
Unknown command.
You barely miss the bullfrog.
The bullfrog is almost dead.
The bullfrog hits you.
You die...

#....{.# ##+######+####
.............########
.............#......#
.............#......#
.............#..a...# ..
.............#+######....
######'####.....Sr.......
#.........#.....@5.......
#.........#......F.......
+.........#......S.......
##+########..............
................
.................
.........##+##....
.........+ ....
.........# ...


You could see a bullfrog, a crimson imp, a quokka and 2 friendly ball pythons.

Vanquished Creatures
  A leopard gecko (D:3)
  An orc (D:3)
  A ball python (D:3)
  3 hobgoblins
  A jackal (D:3)
  A frilled lizard (D:4)
  2 gnoll zombies (D:3)
  A goblin (D:3)
  2 kobolds (D:1)
  2 rats
15 creatures vanquished.

Vanquished Creatures (collateral kills)
  A bat (D:3)
  A giant cockroach (D:3)
  A goblin (D:3)
  A quokka (D:4)
4 creatures vanquished.

Grand Total: 19 creatures vanquished

Notes
Turn   | Place    | Note
-------+----------+-------------------------------------------
     0 | D:1      | 4thArraOfDagon the Barachi Transmuter began the quest for the Orb.
     0 | D:1      | Reached XP level 1. HP: 15/15 MP: 3/3
   120 | D:3      | 4thArraOfDagon: what is that
   120 | D:3      | 4thArraOfDagon: display seems bugged
   120 | D:3      | BLOAX: ctrl-f5?
   165 | D:3      | Reached XP level 2. HP: 9/21 MP: 3/5
   172 | D:3      | Learned a level 2 spell: Sticks to Snakes
   233 | D:3      | Found a basalt altar of Yredelemnul.
   684 | D:4      | Found a staircase to the Ecumenical Temple.
   691 | Temple   | Entered the Ecumenical Temple
   719 | Temple   | 4thArraOfDagon: :)
   729 | D:4      | Gravenous: tiny baby temple
   739 | Temple   | Became a worshipper of Warmaster Okawaru
   740 | Temple   | BLOAX: ^qyes most definitely
   743 | Temple   | BLOAX: lel
   802 | D:5      | Entered Level 5 of the Dungeon
   814 | D:5      | Noticed a crimson imp
   905 | D:6      | Noticed a sky beast
   923 | D:6      | Noticed a bullfrog
   943 | D:7      | Noticed a crimson imp
   943 | D:7      | Noticed a necrophage
   943 | D:7      | Noticed a phantom
   976 | D:6      | Slain by a bullfrog

Skill      XL: |  1  2 |
---------------+-------+-----
Transmutations | 3 |  3.0
Fighting       | |  1.9
Dodging        | |  2.1
Unarmed Combat | |  3.5
Spellcasting   | |  2.1

Action                   || total
-------------------------++-------
Melee: Unarmed           ||    66
       Headbutt          ||     2
       Punch             ||     1
 Cast: Beastly Appendage ||     3
       Sticks to Snakes  ||     9
  Use: Scroll            ||     9
       Potion            ||     4
 Stab: Sleeping          ||     1
  Eat: Fruit             ||     3
Armor: Robe              ||    13
       Skin              ||     2
Dodge: Dodged            ||    52
